General information
- name: BNet
- type: Ladder team game (AT/RT)
- host: Battle.net
- saver: sc2no.wc4yes
map: Battleground
- players: 8
- length: 20:34
- speed: Fast
- version: 1.24 W3XP
- replay type: Public
» download(117 KB)
Players
team 1 (winner)

»
Yodle (
red | 49 APM | 1003 actions | 20:32)
6 Warden
3 Shadow Strike
2 Blink
1 Spirit of Vengeance
» actions
| Basic commands | 64 | |
| Build / train | 62 | |
| Enter build submenu | 15 | |
| Enter hero's abilities submenu | 6 | |
| Remove unit from queue | 6 | |
| Right click | 434 | |
| Select / deselect | 366 | |
| Use ability | 50 | |
1003 total
» units
| Wisp | 12 | |
| Archer | 6 | |
| Dryad | 8 | |
| Druid of the Claw | 10 | |
36 total
» upgrades
| Reinforced Hides | 3 | |
| Abolish Magic | 1 | |
| Druid of the Claw Training | 2 | |
| Mark of the Claw | 1 | |
| Well Spring | 1 | |
| Strength of the Wild | 1 | |
9 total
» buildings
| Altar of Elders | 1 | |
| Moon Well | 6 | |
| Ancient of War | 1 | |
| Ancient of Wonders | 1 | |
| Tree of Ages | 1 | |
| Hunter's Hall | 1 | |
| Ancient of Lore | 4 | |
| Tree of Eternity | 1 | |
16 total
» build order
00:05 Altar of Elders
00:09 Moon Well
01:44 Moon Well
02:25 Ancient of War
02:47 Ancient of Wonders
03:09 Tree of Ages
03:13 Moon Well
03:38 Hunter's Hall
05:49 Moon Well
06:06 Ancient of Lore
06:08 Ancient of Lore
06:10 Ancient of Lore
06:15 Ancient of Lore
06:45 Tree of Eternity
08:53 Moon Well
13:06 Moon Well
» items
| Circlet of Nobility | 1 | |
| Orb of Venom | 1 | |
2 total
sc2no.wc4yes (
green | 59 APM | 1206 actions | 20:34)
5 Tauren Chieftain
3 Endurance Aura
2 War Stomp
» actions
| Assign group hotkey | 68 | |
| Basic commands | 8 | |
| Build / train | 69 | |
| Enter build submenu | 14 | |
| Enter hero's abilities submenu | 5 | |
| Give item / drop item | 6 | |
| Right click | 445 | |
| Select / deselect | 131 | |
| Select group hotkey | 406 | |
| Use ability | 54 | |
1206 total
» units
» upgrades
| Ranged Weapons | 3 | |
| Liquid Fire | 1 | |
| Reinforced Defenses | 1 | |
| Armor | 1 | |
6 total
» buildings
| Altar of Storms | 1 | |
| Orc Burrow | 6 | |
| Voodoo Lounge | 1 | |
| War Mill | 1 | |
| Stronghold | 1 | |
| Fortress | 1 | |
| Beastiary | 3 | |
| Great Hall | 1 | |
15 total
» build order
00:20 Altar of Storms
00:24 Orc Burrow
01:07 Voodoo Lounge
02:04 War Mill
03:00 Stronghold
05:25 Fortress
05:37 Beastiary
05:38 Beastiary
05:39 Beastiary
05:44 Orc Burrow
05:44 Orc Burrow
06:06 Orc Burrow
06:55 Orc Burrow
09:40 Orc Burrow
12:41 Great Hall

»
Tuuzi (
teal | 38 APM | 782 actions | 20:32)
5 Priestess of the Moon
3 Trueshot Aura
2 Searing Arrows
4 Keeper of the Grove
2 Entangling Roots
2 Thorns Aura
» actions
| Basic commands | 3 | |
| Build / train | 61 | |
| Enter build submenu | 14 | |
| Enter hero's abilities submenu | 9 | |
| Right click | 407 | |
| Select / deselect | 255 | |
| Use ability | 33 | |
782 total
» units
| Wisp | 10 | |
| Archer | 12 | |
| Hippogryph | 8 | |
| Chimaera | 8 | |
38 total
» upgrades
| Strength of the Moon | 2 | |
| Hippogryph Taming | 1 | |
| Strength of the Wild | 2 | |
| Reinforced Hides | 1 | |
| Marksmanship | 1 | |
| Improved Bows | 1 | |
| Corrosive Breath | 1 | |
| Moon Armor | 1 | |
10 total
» buildings
| Moon Well | 8 | |
| Altar of Elders | 1 | |
| Ancient of War | 1 | |
| Hunter's Hall | 1 | |
| Tree of Ages | 1 | |
| Tree of Eternity | 1 | |
| Ancient of Wind | 1 | |
| Chimaera Roost | 2 | |
16 total
» build order
00:12 Moon Well
00:20 Altar of Elders
01:13 Ancient of War
01:32 Moon Well
02:10 Hunter's Hall
03:05 Moon Well
03:35 Tree of Ages
06:12 Tree of Eternity
06:18 Ancient of Wind
08:07 Moon Well
08:42 Chimaera Roost
08:46 Chimaera Roost
10:03 Moon Well
10:09 Moon Well
15:01 Moon Well
15:04 Moon Well

»
titicool15 (
pink | 20 APM | 408 actions | 20:32)
4 Death Knight
2 Death Coil
1 Death Pact
1 Unholy Aura
» actions
| Basic commands | 7 | |
| Build / train | 46 | |
| Enter build submenu | 24 | |
| Enter hero's abilities submenu | 4 | |
| Right click | 137 | |
| Select / deselect | 165 | |
| Use ability | 25 | |
408 total
» units
| Acolyte | 7 | |
| Ghoul | 7 | |
| Crypt Fiend | 5 | |
| Frost Wyrm | 7 | |
26 total
» upgrades
| Creature Attack | 2 | |
| Freezing Breath | 1 | |
| Creature Carapace | 2 | |
5 total
» buildings
| Ziggurat | 11 | |
| Altar of Darkness | 1 | |
| Crypt | 2 | |
| Graveyard | 1 | |
| Halls of the Dead | 1 | |
| Sacrificial Pit | 1 | |
| Black Citadel | 1 | |
| Nerubian Tower | 3 | |
| Spirit Tower | 5 | |
| Boneyard | 3 | |
29 total
» build order
00:24 Ziggurat
00:34 Altar of Darkness
00:54 Crypt
01:21 Graveyard
01:42 Ziggurat
01:52 Ziggurat
03:10 Crypt
04:00 Ziggurat
05:26 Halls of the Dead
08:42 Sacrificial Pit
08:57 Black Citadel
09:38 Ziggurat
09:49 Ziggurat
09:54 Ziggurat
10:00 Ziggurat
10:07 Ziggurat
10:13 Ziggurat
10:17 Ziggurat
10:51 Nerubian Tower
10:55 Nerubian Tower
10:57 Spirit Tower
10:59 Spirit Tower
11:02 Spirit Tower
11:10 Nerubian Tower
11:12 Spirit Tower
11:15 Spirit Tower
11:31 Boneyard
11:51 Boneyard
12:01 Boneyard
team 2 (loser)
SupKoreangenes (
blue | 74 APM | 1048 actions | 14:06)
4 Priestess of the Moon
2 Trueshot Aura
2 Searing Arrows
1 Dark Ranger
1 Black Arrow
» actions
| Assign group hotkey | 23 | |
| Basic commands | 11 | |
| Build / train | 45 | |
| ESC pressed | 1 | |
| Enter build submenu | 12 | |
| Enter hero's abilities submenu | 5 | |
| Give item / drop item | 2 | |
| Right click | 589 | |
| Select / deselect | 272 | |
| Select group hotkey | 64 | |
| Use ability | 23 | |
1048 total
» units
| Wisp | 15 | |
| Archer | 10 | |
| Hippogryph | 4 | |
29 total
» upgrades
| Strength of the Moon | 2 | |
| Reinforced Hides | 1 | |
| Improved Bows | 1 | |
| Hippogryph Taming | 1 | |
5 total
» buildings
| Altar of Elders | 1 | |
| Moon Well | 4 | |
| Ancient of War | 2 | |
| Tree of Ages | 1 | |
| Hunter's Hall | 1 | |
| Ancient of Wind | 3 | |
| Ancient Protector | 2 | |
14 total
» build order
00:05 Altar of Elders
00:07 Moon Well
01:12 Ancient of War
01:42 Moon Well
02:02 Ancient of War
04:22 Tree of Ages
04:26 Hunter's Hall
04:54 Moon Well
07:01 Ancient of Wind
07:03 Ancient of Wind
07:37 Ancient Protector
08:10 Ancient Protector
08:56 Ancient of Wind
09:46 Moon Well
» items
| Periapt of Vitality | 2 | |
| Scroll of Healing | 1 | |
3 total
uRallHomos (
yellow | 15 APM | 298 actions | 20:32)
5 Blademaster
1 Wind Walk
3 Critical Strike
1 Mirror Image
» actions
| Basic commands | 41 | |
| Build / train | 68 | |
| Enter build submenu | 11 | |
| Enter hero's abilities submenu | 5 | |
| Select / deselect | 131 | |
| Use ability | 42 | |
298 total
» units
| Peon | 10 | |
| Troll Headhunter/Berserker | 23 | |
| Shaman | 9 | |
42 total
» upgrades
| Ranged Weapons | 3 | |
| Armor | 3 | |
| Troll Regeneration | 1 | |
| Shaman Training | 2 | |
| Berserker Upgrade | 1 | |
10 total
» buildings
| Altar of Storms | 1 | |
| Orc Burrow | 5 | |
| War Mill | 1 | |
| Barracks | 2 | |
| Stronghold | 1 | |
| Voodoo Lounge | 1 | |
| Fortress | 1 | |
| Spirit Lodge | 1 | |
13 total
» build order
00:14 Altar of Storms
00:21 Orc Burrow
01:05 War Mill
01:19 Orc Burrow
02:01 Barracks
03:23 Stronghold
03:30 Orc Burrow
04:45 Voodoo Lounge
05:44 Fortress
05:55 Spirit Lodge
07:18 Barracks
09:40 Orc Burrow
10:46 Orc Burrow
» items
| Orb of Lightning | 1 | |
| Potion of Healing | 5 | |
| Circlet of Nobility | 1 | |
| Boots of Speed | 1 | |
8 total
Proudrun (
orange | 23 APM | 466 actions | 20:32)
2 Warden
1 Shadow Strike
1 Fan of Knives
2 Keeper of the Grove
1 Thorns Aura
1 Force of Nature
1 Priestess of the Moon
1 Trueshot Aura
» actions
| Build / train | 50 | |
| Enter build submenu | 21 | |
| Enter hero's abilities submenu | 8 | |
| Right click | 131 | |
| Select / deselect | 213 | |
| Use ability | 43 | |
466 total
» units
| Wisp | 15 | |
| Archer | 8 | |
| Hippogryph | 6 | |
| Forest Troll Shadow Priest | 1 | |
30 total
» upgrades
| Strength of the Wild | 1 | |
| Strength of the Moon | 3 | |
| Moon Armor | 2 | |
| Ultravision | 1 | |
| Improved Bows | 1 | |
| Hippogryph Taming | 1 | |
| Marksmanship | 1 | |
| Well Spring | 1 | |
11 total
» buildings
| Moon Well | 9 | |
| Altar of Elders | 1 | |
| Hunter's Hall | 1 | |
| Ancient of Wonders | 1 | |
| Tree of Ages | 1 | |
| Ancient of War | 1 | |
| Ancient of Wind | 1 | |
| Tree of Eternity | 1 | |
| Tree of Life | 1 | |
| Ancient Protector | 1 | |
18 total
» build order
00:28 Moon Well
00:41 Altar of Elders
01:23 Moon Well
01:54 Hunter's Hall
02:17 Moon Well
03:17 Moon Well
03:22 Ancient of Wonders
03:51 Tree of Ages
04:08 Ancient of War
05:29 Moon Well
06:27 Ancient of Wind
07:21 Tree of Eternity
14:15 Tree of Life
14:33 Ancient Protector
15:24 Moon Well
15:28 Moon Well
16:17 Moon Well
16:23 Moon Well
deboyoassniga (
purple | 36 APM | 662 actions | 18:33)
5 Paladin
3 Divine Shield
2 Holy Light
3 Dark Ranger
2 Life Drain
1 Black Arrow
» actions
| Build / train | 61 | |
| Enter build submenu | 20 | |
| Enter hero's abilities submenu | 9 | |
| Give item / drop item | 3 | |
| Right click | 290 | |
| Select / deselect | 229 | |
| Use ability | 49 | |
662 total
» units
| Peasant | 9 | |
| Footman | 13 | |
| Rifleman | 2 | |
| Knight | 5 | |
| Priest | 6 | |
35 total
» upgrades
| Swords | 2 | |
| Plating | 2 | |
| Priest Training | 2 | |
| Animal War Training | 1 | |
7 total
» buildings
| Altar of Kings | 1 | |
| Barracks | 2 | |
| Farm | 10 | |
| Blacksmith | 1 | |
| Keep | 3 | |
| Castle | 1 | |
| Arcane Sanctum | 1 | |
| Lumber Mill | 1 | |
| Town Hall | 1 | |
| Tree of Life | 1 | |
22 total
» build order
00:20 Altar of Kings
00:30 Barracks
00:42 Farm
00:58 Farm
01:55 Farm
02:41 Blacksmith
02:50 Farm
03:39 Farm
04:05 Keep
04:05 Keep
04:05 Keep
04:33 Farm
04:37 Farm
05:24 Farm
06:51 Castle
07:50 Arcane Sanctum
07:54 Barracks
09:13 Farm
09:23 Lumber Mill
09:31 Farm
11:43 Town Hall
14:14 Tree of Life
» items
| Periapt of Vitality | 1 | |
| Scroll of Town Portal | 1 | |
| Orb of Venom | 1 | |
3 total
Chat log
(00:11 / Allies) Yodle: units?
(00:23 / Allies) Tuuzi: archer for now
(00:28 / Allies) Tuuzi: potm
(00:36 / Allies) Yodle: i mean later though
(00:43 / Allies) Tuuzi: I'm still thinking about it
(00:44 / Allies) sc2no.wc4yes: fiend wyrm
(00:53 / Allies) Yodle: youre orc
(00:55 / Allies) sc2no.wc4yes: shit
(00:58 / Allies) Yodle: how can you get fiends lol
(00:59 / Allies) sc2no.wc4yes: busted
(01:02 / Allies) Tuuzi: lol
(01:19 / Allies) Yodle: get raiders?
(01:30 / Allies) Yodle: pink get fiends
(01:38 / Allies) Yodle: ill get dyrads bears
(01:44 / Allies) sc2no.wc4yes: too much planning is bad luck
(01:52 / Allies) sc2no.wc4yes: the best laid plans of mice and men often go awry
(01:53 / Allies) Tuuzi: can't plan, just need to counter what they have.
(01:56 / Allies) Yodle: thats how you win
(02:17 / Allies) Yodle: so youre saying just get nothing and wait?
(02:30 / Allies) Tuuzi: I'll try for chims unless I see shittons of aa over there
(02:48 / All) sc2no.wc4yes: tjhats the most obnoxious username ive seen ina while blue
(05:12 / Allies) Tuuzi: green creep with me, dont' take my mantle of int for your shitty tanking hero
(05:21 / Allies) sc2no.wc4yes: I WAS Gonna sell it
(05:23 / Allies) sc2no.wc4yes: whoops capslock
(05:24 / Allies) Tuuzi: dumbass
(05:40 / Allies) Yodle: dont sell a mantle if teals an intel hero
(06:09 / Allies) Tuuzi: he let me creep the shit then took all the shit like a fag is all
(06:17 / Allies) sc2no.wc4yes: well i am giving you my aura
(06:20 / Allies) sc2no.wc4yes: it makes your guys attack faster
(06:28 / Allies) sc2no.wc4yes: hold your mouse over theyre attack and youll see that its gree nnow
(06:34 / Allies) Tuuzi: stfu
(06:37 / Allies) Tuuzi: I know the fuck how to play
(06:43 / Allies) sc2no.wc4yes: seei dont take the tomes
(06:45 / Allies) sc2no.wc4yes: cuz i cant sell them
(07:01 / Allies) Tuuzi: i don't care what you do
(07:13 / Allies) sc2no.wc4yes: hes trying to creepjack you
(07:14 / Allies) sc2no.wc4yes: at this spot
(08:10 / Allies) sc2no.wc4yes: therye tping
(08:11 / Allies) sc2no.wc4yes: dead dk
(08:36 / Allies) sc2no.wc4yes: anyone have spare wood?
(08:45 / Allies) sc2no.wc4yes: my cow aparently runs on wood smoke
(09:04 / Allies) sc2no.wc4yes: plz plz plz plz plz 50 wood plz plz plz plz
(09:19 / Allies) Yodle: i said get raiders but that works too
(10:27 / Allies) Yodle: green dont take those tomes
(10:54 / Allies) sc2no.wc4yes: i just gave you a 500 gold item
(10:59 / Allies) sc2no.wc4yes: you are really obsessed with creeping
(11:02 / Allies) Yodle: i didnt get it
(11:03 / Allies) sc2no.wc4yes: i dont think you would enjoy sc2
(11:10 / Allies) Tuuzi: I thought it was funny :)
(11:11 / Allies) Yodle: never lked sc
(11:13 / Allies) Tuuzi: still do
(11:39 / All) sc2no.wc4yes: this is what you get for trying to dota my hero
(11:40 / All) sc2no.wc4yes: faggot
(11:52 / All) Tuuzi: I'm not caring obc
(11:58 / Allies) sc2no.wc4yes: not talking to you durr
(12:02 / All) Tuuzi: feeding other team xp
(12:34 / Allies) sc2no.wc4yes: go kill his wisps
(12:37 / Allies) sc2no.wc4yes: they cant tp to save them
(12:46 / Allies) sc2no.wc4yes: its a shooting gallery
(12:47 / Allies) sc2no.wc4yes: in there
(15:30 / All) sc2no.wc4yes: did that korean genes guy talk at all this game
(15:33 / All) sc2no.wc4yes: or did he just leaev in silence
(16:39 / All) sc2no.wc4yes: oh you rebuilt
(16:41 / All) sc2no.wc4yes: ill kill it again
(17:25 / Allies) Tuuzi: green attk with hero
(17:28 / Allies) Yodle: help?
(17:38 / Allies) Tuuzi: right on red
(17:43 / Allies) sc2no.wc4yes: splash damage was owning me
(18:58 / Allies) Tuuzi: spare gold ?
(19:05 / Allies) sc2no.wc4yes: you can have some spare spit
(19:07 / Allies) sc2no.wc4yes: item greeder
(19:16 / Allies) Tuuzi: lol
(19:32 / Allies) Tuuzi: you're just lucky they failed so bad my tking approach fell short
(19:42 / Allies) sc2no.wc4yes: u mean you failed at tking
(19:50 / Allies) Tuuzi: no if I wanted to you'd be gone brah
(20:09 / Allies) Tuuzi: they just couldn't kill my shit for the free xp I fed oj
(20:21 / Allies) sc2no.wc4yes: you got your hero killed
(20:22 / Allies) sc2no.wc4yes: by mistake
(20:23 / Allies) sc2no.wc4yes: so u got mad
(20:27 / Allies) sc2no.wc4yes: adn claimed u were feeding xp
(20:29 / Allies) Tuuzi: huh
(20:30 / Allies) sc2no.wc4yes: noone believed it